 Dungeon Crawl Stone Soup version 0.24-a0-446-g87df7205b4 (webtiles) character file.

Game seed: 10702238064214529153

26542 Kuinu the Fighter (level 12, 0/116 HPs)
             Began as a White Draconian Berserker on June 24, 2019.
             Was a High Priest of Trog.
             Slain by a deep elf knight
             ... wielding a +0 scimitar
              (11 damage)
             ... on level 14 of the Dungeon.
             The game lasted 00:34:05 (13481 turns).

Kuinu the Fighter (White Draconian Berserker)      Turns: 13481, Time: 00:34:05

Health: 0/116      AC: 16    Str: 24    XL:     12   Next: 99%
Magic:  12/12      EV: 20    Int:  7    God:    Trog [*****.]
Gold:   723        SH:  0    Dex: 14    Spells: 11/11 levels left

rFire    . . .     SeeInvis .   z - +5 triple sword (flame)
rCold    + . .     Gourm    .   (shield currently unavailable)
rNeg     . . .     Faith    .   (armour unavailable)
rPois    .         Spirit   .   (helmet restricted)
rElec    .         Reflect  .   r - +2 cloak
rCorr    .         Harm     .   j - +2 pair of gloves
MR       .....                  (no boots)
Stlth    +.........             (no amulet)
HPRegen  0.29/turn              C - +2 ring of protection
MPRegen  0.13/turn              t - +2 ring of strength

@: berserk cooldown, slowed, very slow
A: breathe frost, unfitting armour, cold resistance 1, cold-blooded, AC +8
a: Breathe Frost, Berserk, Trog's Hand, Brothers in Arms, Renounce Religion


You were on level 14 of the Dungeon.
You worshipped Trog.
Trog was extremely pleased with you.
You were not hungry.

You visited 1 branch of the dungeon, and saw 14 of its levels.

You collected 813 gold pieces.
You spent 90 gold pieces at shops.

Inventory:

Hand Weapons
 a - a +0 falchion
 l - the +7 whip of Ypoam {freeze, Str+4 Int+4}
   (You found it on level 9 of the Dungeon)

   It has been specially enchanted to freeze those struck by it, causing extra
   injury to most foes and up to half again as much damage against particularly
   susceptible opponents.
   It can also slow down cold-blooded creatures.
   It affects your strength (+4).
   It affects your intelligence (+4).
 q - a +1 long sword
 v - the +2 falchion "Pybarof" {slice, rPois rC+ Str+3}
   (You found it on level 10 of the Dungeon)

   It inflicts extra damage upon your enemies.
   It affects your strength (+3).
   It protects you from cold.
   It protects you from poison.
 z - a +5 triple sword of flaming (weapon)
 E - a +1 mace of holy wrath
 O - a +3 antimagic demon blade
Missiles
 F - 39 poisoned darts (quivered)
 G - 91 stones
Armour
 j - a +2 pair of gloves (worn)
 r - a +2 cloak (worn)
 H - a +0 plate armour
 P - a -1 pair of gloves
Jewellery
 h - an uncursed ring of wizardry
 i - a +3 ring of intelligence
 t - a +2 ring of strength (right hand)
 C - a +2 ring of protection (left hand)
 D - an uncursed ring of poison resistance
Wands
 f - a wand of iceblast (8)
 m - a wand of acid (13)
 u - a wand of paralysis (8)
 w - a wand of enslavement (9)
 K - a wand of flame (38)
Scrolls
 c - 7 scrolls of teleportation
 d - 7 scrolls of fog
 e - 3 scrolls of remove curse
 g - 2 scrolls of noise
 k - a scroll of silence {unknown}
 n - 3 scrolls of fear
 y - 3 scrolls of immolation
 A - 2 scrolls of vulnerability {unknown}
 I - a scroll of magic mapping
 N - a scroll of identify
Potions
 o - a potion of berserk rage
 p - a potion of lignification
 s - a potion of degeneration
 x - 2 potions of mutation
 L - a potion of magic {unknown}
 M - a potion of haste
Comestibles
 b - 22 rations


   Skills:
 * Level 13.9 Fighting
 * Level 12.9 Long Blades
 * Level 12.0 Dodging


You had 11 spell levels left.
You didn't know any spells.
Your spell library was empty.

Dungeon Overview and Level Annotations

Branches:
Dungeon (14/15)            Temple (0/1) D:7            Lair (0/6) D:11
    Orc (0/2) D:11         Vaults (0/5) D:13

Altars:
Ashenzari
Cheibriados
Dithmenos
Kikubaaqudgha
Nemelex Xobeh
Okawaru
Qazlal
Uskayaw
Yredelemnul
The Shining One

Shops:
D:4 *   D:9 ?   D:13 }

Annotations:
D:5 3 runed translucent doors, hitsuchi's ghost, amateur DDNe
D:11 2 transporters, KristoblXynda's ghost, journeyman DrGl
D:14 3 runed translucent doors


Innate Abilities, Weirdness & Mutations

You can breathe waves of freezing cold.
You can buffet flying creatures when you breathe cold.
Your icy white scales are hard. (AC +8)
You cannot fit into any form of body armour.
Your flesh is cold resistant. (rC+)
You are cold-blooded and may be slowed by cold attacks.


Message History

Your Dodging skill increases to level 12!
The centaur warrior shoots an arrow.
The arrow hits you!
* * * LOW HITPOINT WARNING * * *
The deep elf knight mumbles some strange words.
The deep elf knight flickers and vanishes!
Deactivating autopickup; reactivate with Ctrl-A.
A hippogriff comes into view.
The centaur warrior shoots an arrow.
The arrow misses you.
You see here 2 arrows.
You feel a strong urge to attack something.
You see here a pair of gloves.
You are no longer berserk.
You are exhausted.
You feel yourself slow down.
You feel better. Something hits you!
* * * LOW HITPOINT WARNING * * *
You feel better. Something hits you!
* * * LOW HITPOINT WARNING * * *
The centaur warrior shoots an arrow.
The arrow misses you. Something hits you!
You die...

......####..........
......# #..........
####..# #.......... #..#
#.......... ..H. ####..#
##.......... ....(
......###...........
.....
............(.#####
......
###.....#####...###
...lc.
#...###...###.@{##......
#..##.......###[.cW.....
#..#...###....##(.......
#..#..# #....#(.......
#..#.. ##..[#)#......
...# #...+........
#...+....?...
#...+........
#....#....####


You could see a centaur warrior and a phantom.

Vanquished Creatures
  Nessos (D:13)
  3 hydras
  2 centaur warriors (D:13)
  4 two-headed ogres
  A slime creature (D:13)
  2 unseen horrors
  An orc knight (D:13)
  A deep elf mage (D:12)
  A cyclops (D:13)
  An elephant (D:11)
  3 gargoyles
  4 kobold demonologists (D:11)
  A komodo dragon (D:9)
  3 trolls
  A hippogriff (D:11)
  Sigmund (D:3)
  15 yaks
  Eustachio (D:5)
  16 humans (D:13)
  A hungry ghost (D:8)
  2 basilisks (D:11)
  2 vampire mosquitoes (D:14)
  3 black bears
  6 orc warriors
  4 phantoms
  2 sky beasts
  6 ice beasts
  2 eyes of draining
  9 ogres
  A crocodile (D:7)
  9 centaurs
  Blork the orc (D:4)
  10 big kobolds
  6 bullfrogs
  A wyvern skeleton (D:13)
  5 scorpions
  5 killer bees (D:6)
  7 wights
  6 howler monkeys
  4 crimson imps
  3 bullfrog zombies
  A centaur zombie (D:11)
  2 quasits
  8 hounds
  9 orc wizards
  Crazy Yiuf (D:3)
  4 orc priests
  3 centaur skeletons
  2 jellies
  3 bullfrog skeletons
  7 iguanas
  Ijyb (D:3)
  Terence (D:3)
  11 worker ants
  A killer bee zombie (D:9)
  A hound zombie (D:7)
  3 hound skeletons
  A worker ant zombie (D:6)
  A howler monkey zombie (D:10)
  15 gnolls
  6 adders
  A howler monkey skeleton (D:9)
  A shadow imp (D:12)
  An ooze (D:3)
  An adder skeleton (D:7)
  An adder zombie (D:8)
  3 worms
  4 dart slugs (D:1)
  4 leopard geckos
  41 orcs
  2 giant cockroaches
  29 hobgoblins
  4 jackals (D:6)
  3 quokkas
  8 bats
  6 frilled lizards
  30 goblins
  37 kobolds
  7 rats
  A spectral orc (D:5)
422 creatures vanquished.

Vanquished Creatures (others)
  An unseen horror (D:11)
  A plant (D:11)
2 creatures vanquished.

Grand Total: 424 creatures vanquished

Notes
Turn   | Place    | Note
-------+----------+-------------------------------------------
     0 | D:1      | Kuinu the Draconian Berserker began the quest for the Orb.
     0 | D:1      | Reached XP level 1. HP: 19/19 MP: 1/1
   271 | D:1      | Reached XP level 2. HP: 19/26 MP: 2/2
   765 | D:1      | Reached ** piety under Trog
   817 | D:1      | Reached XP level 3. HP: 33/33 MP: 3/3
  1375 | D:1      | Found a glowing golden altar of the Shining One.
  1677 | D:2      | Reached skill level 4 in Fighting
  2127 | D:2      | Found a hide-covered altar of Uskayaw.
  2245 | D:3      | Reached XP level 4. HP: 28/40 MP: 4/4
  2258 | D:3      | Noticed Ijyb
  2266 | D:3      | Killed Ijyb
  2291 | D:3      | Noticed Sigmund
  2304 | D:3      | Killed Sigmund
  2304 | D:3      | Reached XP level 5. HP: 32/47 MP: 5/5
  2392 | D:3      | Noticed Terence
  2394 | D:3      | Found a shattered altar of Ashenzari.
  2409 | D:3      | Killed Terence
  2409 | D:3      | Reached skill level 5 in Fighting
  2409 | D:3      | Reached XP level 6. HP: 43/56 MP: 6/6
  2519 | D:3      | Found a sparkling altar of Nemelex Xobeh.
  3043 | D:3      | Found a runed translucent door.
  3044 | D:3      | Noticed Crazy Yiuf
  3065 | D:3      | Killed Crazy Yiuf
  3469 | D:4      | Reached skill level 5 in Long Blades
  3641 | D:4      | Your scales start taking on an icy white colour.
  3641 | D:4      | Reached XP level 7. HP: 50/62 MP: 7/7
  3641 | D:4      | Gained mutation: Your flesh is cold resistant. (rC+) [White
                  | Draconian growth]
  3683 | D:4      | Reached *** piety under Trog
  3721 | D:4      | Reached skill level 6 in Fighting
  3721 | D:4      | Reached skill level 5 in Dodging
  3869 | D:4      | Found a shadowy altar of Dithmenos.
  3883 | D:4      | Found an iron altar of Okawaru.
  4090 | D:4      | Found a snail-covered altar of Cheibriados.
  4213 | D:4      | Noticed Blork the orc
  4220 | D:4      | Reached XP level 8. HP: 66/71 MP: 8/8
  4233 | D:4      | Killed Blork the orc
  4298 | D:4      | Found Oklucroa's General Store.
  4668 | D:5      | Entered Level 5 of the Dungeon
  4718 | D:5      | Reached **** piety under Trog
  4718 | D:5      | Reached skill level 7 in Fighting
  4761 | D:5      | Found a runed translucent gate.
  4761 | D:5      | Found a runed translucent gate.
  4761 | D:5      | Found a runed translucent gate.
  4764 | D:5      | Noticed hitsuchi's ghost (amateur DDNe)
  4766 | D:5      | Noticed a two-headed ogre
  4840 | D:5      | Found a hide-covered altar of Uskayaw.
  4875 | D:5      | Found a basalt altar of Yredelemnul.
  4908 | D:5      | Noticed Eustachio
  4933 | D:5      | Killed Eustachio
  5521 | D:6      | Reached skill level 8 in Fighting
  5600 | D:6      | Reached XP level 9. HP: 33/81 MP: 9/9
  6495 | D:7      | Found a stormy altar of Qazlal.
  6601 | D:7      | Found a staircase to the Ecumenical Temple.
  6632 | D:7      | Reached skill level 9 in Fighting
  7003 | D:8      | Reached ***** piety under Trog
  7025 | D:8      | Found an ancient bone altar of Kikubaaqudgha.
  7585 | D:8      | Received a gift from Trog
  7585 | D:8      | Reached XP level 10. HP: 91/92 MP: 10/10
  7862 | D:9      | Found Kaimesk's Magic Scroll Emporium.
  7865 | D:9      | Bought a scroll of enchant armour for 90 gold pieces
  7985 | D:9      | Reached skill level 10 in Fighting
  8022 | D:9      | HP: 2/93 [yak (7)]
  8064 | D:9      | Got a transparent whip
  8444 | D:9      | Identified the +7 whip of Ypoam {freeze, Str+4 Int+4} (You
                  | found it on level 9 of the Dungeon)
  8457 | D:9      | Noticed a two-headed ogre
  8462 | D:9      | Killed a two-headed ogre
  8702 | D:9      | Reached skill level 10 in Long Blades
  8712 | D:9      | Reached skill level 11 in Fighting
  9216 | D:10     | Entered Level 10 of the Dungeon
  9324 | D:10     | Reached XP level 11. HP: 44/102 MP: 11/11
  9580 | D:10     | Got a twisted falchion
  9581 | D:10     | Identified the +2 falchion "Pybarof" {slice, rPois rC+
                  | Str+3} (You found it on level 10 of the Dungeon)
  9694 | D:10     | Killed an unseen horror
 10324 | D:11     | Found a sparkling altar of Nemelex Xobeh.
 10364 | D:11     | Noticed a two-headed ogre
 10376 | D:11     | Killed a two-headed ogre
 10376 | D:11     | Reached skill level 10 in Dodging
 10399 | D:11     | Noticed a sixfirhy
 10789 | D:11     | Killed an unseen horror
 10789 | D:11     | Received a gift from Trog
 10898 | D:11     | Noticed KristoblXynda's ghost (journeyman DrGl)
 10899 | D:11     | Noticed a glowing orange brain
 10899 | D:11     | a water nymph changed into a glowing orange brain
 10901 | D:11     | Noticed a deep troll
 10901 | D:11     | a glowing orange brain changed into a deep troll
 10905 | D:11     | a deep troll changed into a floating eye
 10907 | D:11     | Found a transporter.
 10908 | D:11     | Noticed a sea snake
 10916 | D:11     | Noticed a mana viper
 10916 | D:11     | a sea snake changed into a mana viper
 10920 | D:11     | Found a transporter.
 10928 | D:11     | Found a shadowy altar of Dithmenos.
 10935 | D:11     | Reached skill level 12 in Fighting
 10964 | D:11     | Found a staircase to the Lair.
 10968 | D:11     | Noticed a sixfirhy
 10975 | D:11     | Killed an unseen horror
 11207 | D:11     | Noticed a lindwurm
 11215 | D:11     | Noticed a glowing shapeshifter
 11215 | D:11     | an eye of devastation changed into a glowing shapeshifter
 11216 | D:11     | Noticed a swamp dragon
 11216 | D:11     | a glowing shapeshifter changed into a swamp dragon
 11219 | D:11     | Noticed a two-headed ogre
 11219 | D:11     | a swamp dragon changed into a two-headed ogre
 11220 | D:11     | a two-headed ogre changed into a slime creature
 11787 | D:11     | Found a staircase to the Orcish Mines.
 11934 | D:11     | Noticed a lindwurm
 11934 | D:11     | a jumping spider changed into a lindwurm
 11942 | D:11     | a lindwurm changed into a yaktaur
 11951 | D:11     | Noticed a swamp dragon
 11951 | D:11     | a yaktaur changed into a swamp dragon
 11953 | D:11     | a swamp dragon changed into a merfolk
 12000 | D:12     | Noticed a deep elf mage
 12010 | D:12     | Killed a deep elf mage
 12214 | D:12     | Noticed a two-headed ogre
 12218 | D:12     | Killed a two-headed ogre
 12218 | D:12     | Reached XP level 12. HP: 113/113 MP: 12/12
 12348 | D:13     | Found a gate to the Vaults.
 12348 | D:13     | Noticed Nessos
 12348 | D:13     | Noticed a two-headed ogre
 12355 | D:13     | Killed Nessos
 12357 | D:13     | Killed a two-headed ogre
 12367 | D:13     | Reached skill level 13 in Fighting
 12444 | D:13     | Noticed a centaur warrior
 12450 | D:13     | Killed a centaur warrior
 12734 | D:13     | Noticed a five-headed hydra
 12741 | D:13     | Killed a one-headed hydra
 12745 | D:13     | Received a gift from Trog
 12967 | D:13     | Noticed a four-headed hydra
 12974 | D:13     | Killed a one-headed hydra
 13030 | D:13     | Noticed a centaur warrior
 13035 | D:13     | Killed a centaur warrior
 13136 | D:13     | Found Ammod's Gadget Boutique.
 13222 | D:14     | Noticed an eight-headed hydra
 13230 | D:14     | Killed a six-headed hydra
 13468 | D:14     | Found a runed translucent gate.
 13468 | D:14     | Found a runed translucent gate.
 13468 | D:14     | Found a runed translucent gate.
 13468 | D:14     | Noticed a centaur warrior
 13481 | D:14     | Slain by a deep elf knight

Levels and vault maps discovered:
D:1:      dpeg_arrival_circle_labyrinth_a, layout_loops_corners, tso_metal_star
D:2:      layout_loops_corners, lemuel_crystal_altar
D:3:      layout_basic, nicolae_overflow_crystal_walls, evilmike_ruin_ashenzari,
          uniq_terence, uniq_sigmund, uniq_crazy_yiuf_cottage, uniq_ijyb
D:4:      minmay_goblin_kobold_castle, layout_cave_pods, lemuel_crystal_altar,
          minitemple, serial_shops, kennysheep_mini, first_ration,
          uniq_blork_the_orc
D:5:      layout_cave_pools, yredelemnul_forgotten_temple_becter,
          gammafunk_ghost_split, basic_altar, uniq_eustachio
D:6:      layout_basic, minmay_lizard_king
D:7:      layout_loops_ring, nicolae_qazlal_eye_of_the_storm,
          minmay_temple_entry_glassed_door, grunt_ogre_cave,
          lightli_corner_chamber
D:8:      layout_basic, kiku_gazebo_garden_becter
D:9:      minmay_spotlight, layout_irregular_city, serial_shops,
          kennysheep_mini_moat, eino_curves_03
D:10:     layout_gridville
D:11:     layout_loops_cross, david_lair_generic, orc_0_dummy, basic_altar,
          gammafunk_ghost_arena, grunt_dithmenos_smoke
D:12:     layout_rooms
D:13:     layout_long_grid, david_vaults_3, serial_shops,
          nicolae_shop_waterfront, serial_glass, glass_columns_b,
          glass_columns_b, glass_columns_b, glass_columns_a, glass_columns_c,
          glass_columns_a, glass_columns_a, glass_columns_a
D:14:     layout_small_grid, patterned_corridor, gammafunk_ghost_icy,
          serial_shops, shop

Skill      XL: |  1  2  3  4  5  6  7  8  9 10 11 12 |
---------------+-------------------------------------+-----
Dodging        | 3 4 5 6 8 9 10 12 | 12.0
Fighting       | 4 5 6 8 9 11 12 13 | 13.9
Long Blades    | 4 5 6 7 8 10 11 12 | 12.9

Action                   |  1- 3 |  4- 6 |  7- 9 | 10-12 || total
-------------------------+-------+-------+-------+-------++-------
Melee: Falchion          |    96 |    52 |       |   131 ||   279
       Tailslap          |    17 |    23 |    71 |   141 ||   252
       Long sword        |       |    72 |   440 |    99 ||   611
       Whip              |       |       |       |    95 ||    95
       Triple sword      |       |       |       |   210 ||   210
Invok: Berserk           |     2 |     4 |    11 |    16 ||    33
       Trog's Hand       |       |     5 |     4 |     6 ||    15
 Abil: Breathe Frost     |       |       |       |     1 ||     1
  Use: Scroll            |     2 |     8 |       |    16 ||    26
       Potion            |       |     1 |     1 |     5 ||     7
 Stab: Sleeping          |     1 |       |     1 |       ||     2
  Eat: Chunk             |     6 |    10 |    22 |    33 ||    71
       Ration            |       |       |     1 |     2 ||     3
Armor: Skin              |    27 |    22 |   161 |   241 ||   451
Dodge: Dodged            |    74 |    99 |   355 |   646 ||  1174
       Rpst.: Falchion   |    17 |    13 |       |    28 ||    58
       Long sword        |       |    15 |   100 |    25 ||   140
       Triple sword      |       |       |       |    97 ||    97

Table legend:
 A = Non-vault XP
 B = Vault XP
 C = Vault XP percentage of total XP
 D = Non-vault monster count
 E = Vault monster count
 F = Vault count percentage of total count
                 A         B        C        D         E       F
            +---------+---------+-------+---------+---------+-------
      Total |   29448 |    8470 |  22.3 |     329 |      93 |  22.0
            +---------+---------+-------+---------+---------+-------
        D:1 |      66 |       0 |   0.0 |      30 |       0 |   0.0
        D:2 |      20 |       0 |   0.0 |      11 |       0 |   0.0
        D:3 |     103 |     325 |  75.9 |      14 |       4 |  22.2
        D:4 |     649 |     463 |  41.6 |      21 |      55 |  72.4
        D:5 |     288 |     198 |  40.7 |       8 |       2 |  20.0
        D:6 |    1054 |      48 |   4.4 |      30 |       6 |  16.7
        D:7 |    1173 |     121 |   9.4 |      22 |       1 |   4.3
        D:8 |    1108 |       0 |   0.0 |      19 |       0 |   0.0
        D:9 |    4376 |      50 |   1.1 |      46 |       1 |   2.1
       D:10 |    2810 |       0 |   0.0 |      24 |       0 |   0.0
       D:11 |    6407 |    1060 |  14.2 |      55 |       4 |   6.8
       D:12 |    2106 |       0 |   0.0 |      12 |       0 |   0.0
       D:13 |    7425 |    6205 |  45.5 |      32 |      20 |  38.5
       D:14 |    1863 |       0 |   0.0 |       5 |       0 |   0.0
            +---------+---------+-------+---------+---------+-------
